 Dungeon Crawl Stone Soup version 0.31-a0-925-g0a390f2509 (webtiles) character file.

Game seed: 8080092459393620066

1418182 Sergey the Archmage (level 27, 234/234 (235) HPs)
             Began as a Barachi Earth Elementalist on Oct 18, 2023.
             Was the Champion of Vehumet.
             Escaped with the Orb
             ... and 3 runes!
             The game lasted 03:15:56 (99727 turns).

Sergey the Archmage (Barachi Earth Elementalist)   Turns: 99727, Time: 03:15:57

HP:   234/234 (235) AC: 23    Str: 14    XL:     27
MP:   54/54         EV: 24    Int: 34    God:    Vehumet [******]
Gold: 4771          SH: 12    Dex: 16    Spells: 26/80 levels left

rFire   + . .        e - staff of cold {rC+ !a}
rCold   + + +        F - +0 buckler {rPois}
rNeg    + + .        y - +3 faerie dragon scales {Contam rElec rN++ rCorr Int+2}
rPois   +            J - +2 helmet {Int+3}
rElec   +            u - +2 cloak {Will+}
rCorr   +            n - +2 pair of gloves
SInv    .            h - +2 pair of boots {Stlth+}
Will    ++++.        x - amulet of Mutualism {Reflect Regen+ Dex+2 SH+5}
Stlth   +            A - ring of Vimuge {Fly rF+ rC+++ EV+5 Int-2}
HPRegen 1.39/turn    X - ring of Wonlif {Contam rC+++ Will+ Str+4 Int+3, =R}
MPRegen 0.34/turn

%: reflection
@: unable to hop, flying, studying Axes, lightly drained, slow
A: amphibious, slowness 1, strong legs 2, +LOS, deformed body, inability to
drink after injury 1
0: Orb of Zot
}: 3/15 runes: barnacled, slimy, silver
a: Hop, Renounce Religion


You escaped.
You worshipped Vehumet.
Vehumet was exalted by your worship.
You visited 12 branches of the dungeon, and saw 56 of its levels.
You also visited: Ice Cave.

You collected 8580 gold pieces.
You spent 3809 gold pieces at shops.

Inventory:

Hand Weapons
 f - a +2 demon trident
 m - a +5 scimitar of holy wrath
 q - the +8 arc blade {discharge, rElec}
   (You took it off Nikola on level 1 of the Elven Halls)

   rElec:     It insulates you from electricity.
 w - a +6 demon blade of electrocution
Missiles
 l - 11 throwing nets
Armour
 h - a +2 pair of boots of stealth (worn)
 n - a +2 pair of gloves (worn)
 u - a +2 cloak of willpower (worn)
 y - the +3 faerie dragon scales (worn) {Contam rElec rN++ rCorr Int+2}
   (You took it off the Enchantress on level 4 of the Depths)

   Int+2:     It affects your intelligence (+2).
   rElec:     It insulates you from electricity.
   rN++:      It greatly protects you from negative energy.
   Contam:    It causes magical contamination when unequipped.
   rCorr:     It protects you from acid and corrosion.
 F - a +0 buckler of poison resistance (worn)
 J - a +2 helmet of intelligence (worn)
 L - a +2 robe of resistance
Magical Staves
 e - a staff of cold (weapon) {rC+ !a}
Jewellery
 x - the amulet of Mutualism (around neck) {Reflect Regen+ Dex+2 SH+5}
   (You found it on level 1 of the Shoals)

   [amulet of reflection]

   Reflect:   It reflects blocked missile attacks.
   Dex+2:     It affects your dexterity (+2).
   Regen+:    It increases your rate of health regeneration.
   SH+5:      It affects your SH (+5).
 A - the ring of Vimuge (left hand) {Fly rF+ rC+++ EV+5 Int-2}
   (You found it on level 3 of the Shoals)

   [ring of evasion]

   EV+5:      It affects your evasion (+5).
   Int-2:     It affects your intelligence (-2).
   rF+:       It protects you from fire.
   rC+++:     It renders you almost immune to cold.
   Fly:       It grants you flight.
 D - the ring "Widoec" {rF+ rN+ Will- Int+3 Dex+4}
   (You found it on level 5 of the Pits of Slime)

   [ring of protection from fire]

   Int+3:     It affects your intelligence (+3).
   Dex+4:     It affects your dexterity (+4).
   rF+:       It protects you from fire.
   rN+:       It protects you from negative energy.
   Will-:     It decreases your willpower.
 M - the dreamshard necklace {Acrobat *Dream}
   (You found it on level 5 of the Vaults)

   [amulet of the acrobat]

   *Dream:    It absorbs a single lethal wound into itself, holding its wearer
   just short of death and releasing dream-creatures to guard them.
   Acrobat:   It increases your evasion while moving and waiting.
 O - the ring "Cainizel" {Ice rPois Will+ Stlth+}
   (You found it on level 10 of the Dungeon)

   [ring of ice]

   Ice:       It enhances your ice magic.
   rF-:       It makes you vulnerable to fire.
   rC+:       It protects you from cold.
   rPois:     It protects you from poison Will+: It increases your willpower.
   Stlth+:    It makes you more stealthy.
 X - the ring of Wonlif (right hand) {Contam rC+++ Will+ Str+4 Int+3, =R}
   (You found it on level 5 of the Vaults)

   [ring of willpower]

   Str+4:     It affects your strength (+4).
   Int+3:     It affects your intelligence (+3).
   rC+++:     It renders you almost immune to cold.
   Will+:     It increases your willpower.
   Contam:    It causes magical contamination when unequipped.
Wands
 c - a wand of light (8)
 i - a wand of roots (45)
 v - a wand of digging (1)
 R - a wand of charming (27)
Scrolls
 a - 3 scrolls of blinking {@r4}
 d - 6 scrolls of immolation
 k - 15 scrolls of teleportation {@r3}
 p - a scroll of silence {!r}
 s - 10 scrolls of vulnerability {!r}
 C - 3 scrolls of fear
 K - 2 scrolls of revelation {@r5}
 N - a scroll of butterflies
 P - 2 scrolls of enchant weapon
 S - 2 scrolls of enchant armour
 T - 6 scrolls of fog {@r2}
Potions
 b - 9 potions of magic
 g - 8 potions of might {@q3}
 o - 5 potions of haste {@q5}
 r - 22 potions of curing {@q2}
 E - 7 potions of lignification
 G - 6 potions of enlightenment
 H - 6 potions of heal wounds {@q1}
 I - 6 potions of ambrosia
 U - 2 potions of invisibility
 V - 2 potions of resistance
 W - 4 potions of cancellation
 Y - 6 potions of brilliance
 Z - 7 potions of mutation
Miscellaneous
 j - a phial of floods
 t - a lightning rod (4/4)
 z - a phantom mirror
 B - a tin of tremorstones (2/2)
 Q - a box of beasts


   Skills:
 + Level 23.0 Fighting
 - Level 12.0 Long Blades
 - Level 3.0 Throwing
 - Level 12.0 Armour
 - Level 15.0 Dodging
 - Level 3.0 Stealth
 - Level 12.0 Shields
 O Level 27 Spellcasting
 - Level 12.0 Conjurations
 - Level 13.8 Summonings
 - Level 4.0 Transmutations
 - Level 24.0 Ice Magic
 - Level 4.0 Air Magic
 - Level 8.6 Earth Magic
 - Level 12.0 Evocations


You had 26 spell levels left.
You knew the following spells:

 Your Spells              Type           Power      Damage    Failure   Level
a - Malign Gateway        Summ/Tloc      37%        N/A       36%         7
c - Hailstorm             Conj/Ice       100%       3d20      0%          3
d - Spellforged Servitor  Conj/Summ      46%        N/A       1%          7
e - Blink                 Tloc           90%        N/A       1%          2
f - Freezing Cloud        Conj/Ice/Air   58%        6-21      1%          5
h - Passwall              Tmut/Erth      60%        N/A       1%          2
j - Apportation           Tloc           90%        N/A       1%          1
l - Polar Vortex          Ice            71%        12d9*     1%          9
o - Ozocubu's Refrigerat  Ice            71%        4d23      1%          7
r - Irradiate             Conj/Tmut      39%        3d24      1%          5
z - Bombard               Conj/Erth      43%        9d7       1%          6

Your spell library contained the following spells:

 Spells                   Type           Power      Damage    Failure   Level
 Chain Lightning          Conj/Air       39%        3d52      99%         9
 Shatter                  Erth           40%        3d32*     99%         9
 Fire Storm               Conj/Fire      36%        8d9       100%        9
 Magic Dart               Conj           100%       1d8       0%          1
 Sandblast                Erth           100%       2d20      0%          1
 Summon Small Mammal      Summ           100%       N/A       0%          1
 Call Imp                 Summ           100%       N/A       0%          2
 Ensorcelled Hibernation  Hex/Ice        100%       N/A       0%          2
 Call Canine Familiar     Summ           96%        N/A       0%          3
 Frozen Ramparts          Ice            100%       1d16      0%          3
 Ozocubu's Armour         Ice            100%       N/A       0%          3
 Summon Ice Beast         Ice/Summ       100%       N/A       0%          4
 Foxfire                  Conj/Fire      100%       2x1d9     1%          1
 Kiss of Death            Conj/Necr      100%       2d13      1%          1
 Necrotise                Necr           100%       1d9       1%          1
 Shock                    Conj/Air       100%       1d9       1%          1
 Cigotuvi's Dreadful Rot  Necr/Pois/Air  100%       N/A       1%          2
 Jinxbite                 Hex            90%        N/A       1%          2
 Lesser Beckoning         Tloc           90%        N/A       1%          2
 Momentum Strike          Conj/Tloc      100%       3d10      1%          2
 Poisonous Vapours        Pois/Air       100%       N/A       1%          2
 Scorch                   Fire           90%        2d8       1%          2
 Sublimation of Blood     Necr           45%        N/A       1%          2
 Wereblood                Tmut           64%        N/A       1%          2
 Dazzling Flash           Conj/Hex       100%       N/A       1%          3
 Ignite Poison            Fire/Tmut/Pois 53%        N/A       1%          3
 Inner Flame              Hex/Fire       45%        N/A       1%          3
 Mephitic Cloud           Conj/Pois/Air  70%        N/A       1%          3
 Stone Arrow              Conj/Erth      100%       3d13      1%          3
 Summon Guardian Golem    Hex/Summ       75%        N/A       1%          3
 Swiftness                Air            64%        N/A       1%          3
 Volatile Blastmotes      Fire/Tloc      90%        2d17      1%          3
 Airstrike                Air            32%        2d(5-21)  1%          4
 Brom's Barrelling Bould  Conj/Erth      86%        2d10      1%          4
 Flame Wave               Conj/Fire      72%        2d16      1%          4
 Fulminant Prism          Conj/Hex       36%        3d17      1%          4
 Iskenderun's Mystic Bla  Conj/Tloc      72%        2d15      1%          4
 Olgreb's Toxic Radiance  Pois           45%        N/A       1%          4
 Petrify                  Tmut/Erth      73%        N/A       1%          4
 Sticky Flame             Conj/Fire      72%        2d9       1%          4
 Summon Lightning Spire   Summ/Air       82%        N/A       1%          4
 Arcjolt                  Conj/Air       39%        1d49      1%          5
 Metabolic Englaciation   Hex/Ice        56%        N/A       1%          5
 Summon Forest            Summ/Tloc      37%        N/A       1%          5
 Summon Mana Viper        Hex/Summ       75%        N/A       1%          5
 Conjure Ball Lightning   Conj/Air       39%        3x3d13    1%          6
 Simulacrum               Ice/Necr       56%        N/A       1%          6
 Summon Cactus Giant      Summ           48%        N/A       1%          6
 Orb of Destruction       Conj           45%        9d12      1%          7
 Confusing Touch          Hex            45%        N/A       2%          3
 Gell's Gravitas          Tloc           45%        N/A       2%          3
 Teleport Other           Tloc           45%        N/A       2%          3
 Vampiric Draining        Necr           45%        2d9       2%          3
 Yara's Violent Unravell  Hex/Tmut       28%        3d12      2%          5
 Starburst                Conj/Fire      36%        6d11      2%          6
 Monstrous Menagerie      Summ           48%        N/A       2%          7
 Summon Hydra             Summ           48%        N/A       2%          7
 Vhi's Electric Charge    Tloc/Air       100%       N/A       3%          4
 Borgnjor's Vile Clutch   Necr/Erth      33%        N/A       3%          5
 Anguish                  Hex/Necr       22%        N/A       7%          4
 Animate Dead             Necr           45%        N/A       7%          4
 Dispel Undead            Necr           45%        3d17      7%          4
 Manifold Assault         Tloc           45%        N/A       7%          4
 Alistair's Intoxication  Tmut/Pois      37%        N/A       9%          5
 Eringya's Noxious Bog    Tmut/Pois      28%        4d6       13%         6
 Plasma Beam              Fire/Air       28%        2x1d40    13%         6
 Summon Horrible Things   Summ           48%        N/A       17%         8
 Agony                    Necr           45%        N/A       21%         5
 Haunt                    Necr/Summ      37%        N/A       36%         7
 Dispersal                Tloc           22%        N/A       73%         6
 Maxwell's Capacitive Co  Air            32%        ∞         89%         8
 Dragon's Call            Summ           48%        N/A       95%         9
 Enfeeble                 Hex            22%        N/A       99%         7
 Borgnjor's Revivificati  Necr           22%        N/A       100%        8
 Discord                  Hex            22%        N/A       100%        8
 Disjunction              Tloc           22%        N/A       100%        8
 Ignition                 Fire           22%        3d8       100%        8
 Infestation              Necr           22%        N/A       100%        8
 Death's Door             Necr           22%        N/A       100%        9


Dungeon Overview and Level Annotations

Branches:
Dungeon (15/15)            Temple (1/1) D:6            Lair (5/5) D:10
 Shoals (4/4) Lair:3       Spider (4/4) Lair:2        Slime (5/5) Lair:5
    Orc (2/2) D:11            Elf (3/3) Orc:2        Vaults (5/5) D:14
  Crypt (3/3) Vaults:2       Tomb (0/3) Crypt:3      Depths (4/4) D:15
    Zot (5/5) Depths:4      IceCv (visited)

Altars:
Ashenzari
Cheibriados
Dithmenos
Elyvilon
Fedhas
Gozag
Hepliaklqana
Kikubaaqudgha
Makhleb
Nemelex Xobeh
Okawaru
Qazlal
Ru
Sif Muna
Trog
Uskayaw
Vehumet
Wu Jian
Xom
Yredelemnul
Zin
The Shining One

Shops:
D:6 !   D:14 !   Orc:2 [!=(:(   Elf:1 (**   Elf:3 **   Vaults:4 [?

Portals:
Hell: Depths:1 Depths:2 Depths:3 Depths:4
Abyss: Depths:3
Pandemonium: Depths:2 Depths:4
Ziggurat: Depths:4
Trove: Vaults:3 (give +5 demon trident)

Annotations:
D:1 exclusion: 2 downstairs
D:6 exclusion: downstairs
D:7 2 runed translucent doors
D:8 3 runed translucent doors, Syrassil's ghost, novice BaFi
D:14 exclusion: 4 oklob plants
Spider:4 Roxanne
Elf:1 6 runed translucent doors, exclusion: downstairs
Elf:2 2 runed translucent doors, exclusion: 2 orange crystal statues
Vaults:3 Ciq Qara's ghost, veteran GrEE
Crypt:2 2 transporters
Depths:2 1 exclusion
Zot:5 6 transporters


Innate Abilities, Weirdness & Mutations

You are amphibious.
You cover ground slowly.
You can hop long distances.
You have an extended range of vision and can be seen from far away.
Armour fits poorly on your strangely shaped body.
You occasionally lose the ability to drink potions when taking damage.


Message History

Press: ? - help, Dir - move target
Okay, then.
Hop to where?
Press: ? - help, Dir - move target Boing!
The demonspawn corrupter invokes the aid of Lugonu against you.
The entropic weave corrodes you!
You feel yourself speed up.
The demonspawn corrupter calls forth creatures from the Realm of Zot!
The moth of wrath's fur bristles in rage as it notices you.
There is a stone staircase leading up here.
Magic restored.
You fly upwards.
There is a stone staircase leading down, spattered with blood here.
Okay, then.
Unknown command.
As you read the scroll of teleportation {@r3}, it crumbles to dust.
You feel strangely unstable.
You feel the Orb delaying your translocation!
You start waiting.
You are no longer corroded.
You start waiting.
Your surroundings suddenly seem different.
What level of the Dungeon? (default 1, ? - help)
Your extra speed is starting to run out.
You feel yourself slow down.
There is a stone staircase leading up here.
You fly upwards.
There is a stone staircase leading down here.
You see here a +0 chain mail.
There is a stone staircase leading up here.
You fly upwards.
Level annotation: exclusion: 2 downstairs
There is a stone staircase leading down here.
A cacodemon and 2 orange demons come into view.
There is a staircase leading out of the dungeon here.
Unknown command.
Unknown command.
The orange demon splashes around in the water.
You have escaped!

#################.########## #####
.......#..### ##.## ###..#
.#####.#....####...####....# .#
#.##.....#..~..#.....##
######.##8..~....~....~..8#
#.....##...~..~~~..~...##
#.....#.....~~~~~~~.....##
#.........~~~~^..~~~~....#
#.......~~~~~..@..~~~~~..#
####.#....~~~4...~~~~....#
#.##.....~~~~~~~.....## #### #
#.###...4.2~~~..~...## #... #
#..#8..~....~....~..8######.## ###
##.#.....#..~..#.....#......#. ..##
#.....####...####.....###..#.
#..####...### ##.## ###...###..#.
##....#.....#####.#########.##.....


You could see a cacodemon and 2 orange demons.

Vanquished Creatures
  the Royal Jelly (Slime:5)
  2 dread liches
  An orb of fire (Zot:5)
  3 ancient liches
  Mennas (Depths:4)
  A juggernaut (Depths:4)
  Sojobo (Depths:4)
  Boris (thrice) (Depths:1 Depths:2 Crypt:3)
  Vv (Depths:3)
  Margery (Vaults:4)
  2 Killer Klowns (Zot:5)
  A curse toe (Zot:5)
  Bai Suzhen (Depths:1)
  A caustic shrike (Depths:3)
  Nikola (Elf:1)
  4 golden dragons
  Saint Roka (Vaults:2)
  the Enchantress (Depths:4)
  Jory (Vaults:3)
  2 bone dragons
  Jorgrun (Shoals:1)
  6 tentacled monstrosities
  Rupert (D:12)
  3 electric golems
  13 Orb Guardians
  4 liches
  A quicksilver dragon (Zot:4)
  A deep elf blademaster (Elf:3)
  2 deep elf master archers (Elf:3)
  6 titans
  15 acid blobs
  A death cob (Zot:4)
  8 sphinxes
  Gastronok (D:10)
  7 tengu reavers
  3 shadow dragons
  A kraken (Shoals:3)
  11 storm dragons
  Aizul (Vaults:2)
  Donald (Elf:1)
  3 draconian monks
  A revenant (Crypt:2)
  A daeva (Shoals:4)
  6 azure jellies
  8 deep elf sorcerers
  5 fire giants
  7 rockslimes (Slime:5)
  A draconian knight (Zot:2)
  A curse skull (Crypt:2)
  An iron dragon (Vaults:5)
  10 frost giants
  27 ironbound preservers
  24 vault wardens
  A draconian scorcher (Depths:4)
  2 ghost moths
  4 orc warlords
  A caustic shrike zombie (Crypt:3)
  3 deep elf elementalists (Elf:3)
  A reaper (D:12)
  3 spriggan defenders (Depths:4)
  A broodmother (Spider:1)
  2 draconian shifters
  10 formless jellyfish
  4 spectral caustic shrikes (Depths:2)
  7 war gargoyles
  15 very ugly things
  6 vampire knights
  A caustic shrike skeleton (Crypt:3)
  5 deep elf demonologists
  8 quicksilver oozes
  11 stone giants
  8 ironbound thunderhulks
  6 dire elephants
  3 black draconians
  7 red draconians
  5 spark wasps
  5 deep elf annihilators
  3 yellow draconians
  5 white draconians
  3 crystal guardians (Crypt:3)
  Snorg (Lair:5)
  A blizzard demon (Depths:4)
  6 merfolk javelineers
  An eidolon (Crypt:1)
  12 deep elf death magi
  8 ettins
  An ettin (shapeshifter) (Vaults:5)
  3 jiangshi (Crypt:2)
  4 entropy weavers
  9 deep elf high priests
  14 yaktaur captains
  7 fire dragons
  14 merfolk impalers
  15 great orbs of eyes
  The ghost of Naggiasi the Slicer, a journeyman KoBr of Trog (D:12)
  8 ice dragons
  Fannar (D:12)
  A hydra (shapeshifter) (Depths:4)
  3 peacekeepers
  3 rakshasas
  35 vault guards
  Erolcha (D:13)
  10 hydras
  5 spriggan air magi
  A jorogumo (Spider:3)
  15 ironbound frosthearts
  A catoblepas (D:14)
  2 alligator snapping turtles
  3 satyrs
  21 centaur warriors
  6 ogre magi
  A radroach (Spider:3)
  24 two-headed ogres
  15 deep troll earth magi
  7 death yaks
  2 vampire magi
  7 boulder beetles
  16 dancing weapons
  5 deep troll shamans
  4 merfolk aquamancers
  4 tengu warriors
  3 orc high priests
  2 titan zombies (Crypt:3)
  Urug (D:13)
  8 demonic crawlers
  9 deep elf knights
  27 hell knights
  2 soul eaters (Vaults:2)
  4 spriggan berserkers
  3 sun moths
  A titan skeleton (Crypt:3)
  A sun demon (Depths:2)
  2 cherubim (Shoals:4)
  A skyshark (shapeshifter) (Vaults:5)
  7 iron trolls
  2 shadow wraiths (Vaults:5)
  16 skeletal warriors
  5 skysharks
  3 pharaoh ants
  Lodul (D:11)
  6 sea snakes
  A salamander mystic (Depths:3)
  A bunyip zombie (Crypt:3)
  8 orb spiders
  7 glowing orange brains
  2 shadow demons
  71 deep trolls
  17 arcanists
  An anaconda zombie (Crypt:3)
  A flayed ghost (Depths:2)
  3 phantasmal warriors
  A bunyip skeleton (Crypt:3)
  3 occultists
  An anaconda skeleton (Crypt:3)
  24 deep elf archers
  17 harpies
  A swamp dragon (Lair:5)
  5 steelbarb worms
  20 ironbound convokers
  An orange crystal statue (IceCv)
  6 lindwurms
  8 orc knights
  39 deep elf pyromancers
  14 necromancers
  30 deep elf zephyrmancers
  12 wolf spiders
  52 ugly things
  17 manticores
  A wolf spider (shapeshifter) (Elf:3)
  2 shining eyes
  A stone giant zombie (Crypt:3)
  3 salamanders (Depths:3)
  12 merfolk sirens
  A manticore (shapeshifter) (Vaults:5)
  11 fauns
  10 cyclopes
  14 elephants
  3 nameless horrors (D:14)
  16 moths of wrath
  A toenail golem (D:7)
  9 black mambas
  2 water nymphs
  An alligator snapping turtle zombie (Crypt:3)
  21 vault sentinels
  4 torpor snails
  A cane toad (shapeshifter) (Elf:1)
  20 eyes of devastation
  3 unseen horrors
  2 gargoyles
  A black draconian zombie (Crypt:2)
  Jeremiah (D:9)
  2 hellions
  20 rime drakes
  20 cane toads
  2 kobold demonologists
  A spectral redback (Spider:4)
  8 komodo dragons
  2 harpy zombies
  7 freezing wraiths
  32 yaktaurs
  An efreet (D:13)
  A pale draconian skeleton (Crypt:2)
  3 tengu conjurers
  31 merfolk
  A meliai (shapeshifter) (Vaults:5)
  An ice devil (D:12)
  29 polar bears
  A queen bee (shapeshifter) (Vaults:5)
  2 meliai (D:14)
  12 trolls
  A spectral culicivora (Spider:4)
  7 wind drakes
  20 tarantellas
  An ettin zombie (Crypt:3)
  8 hornets
  14 blink frogs
  A raiju (Lair:5)
  8 snapping turtles
  5 dream sheep
  A slime creature (shapeshifter) (Vaults:5)
  34 flying skulls (Crypt:3)
  21 jumping spiders
  A black mamba zombie (Crypt:2)
  78 slime creatures
  An air elemental (Elf:2)
  16 culicivoras
  A centaur simulacrum (D:15)
  19 water elementals
  2 shadows (D:12)
  59 yaks
  7 wyverns
  10 spriggans
  An ettin skeleton (Crypt:3)
  4 wraiths
  A vampire (D:12)
  A ynoxinul (Depths:2)
  4 fire elementals
  47 redbacks
  7 basilisks
  4 steam dragons
  15 golden eyes
  12 wargs
  9 vampire mosquitoes
  8 acid dragons
  18 water moccasins
  14 hell hounds (Lair:5)
  A floating eye (Depths:3)
  A swamp drake (Lair:5)
  32 orc warriors
  5 sky beasts
  8 ice beasts
  12 black bears
  34 ogres
  2 boggarts (Vaults:3)
  15 centaurs
  14 wolves
  2 phantoms (D:6)
  3 kobold brigands
  15 bullfrogs
  3 gnoll sergeants
  3 necrophages
  9 scorpions
  3 wights (D:6)
  A warg skeleton (Crypt:1)
  37 killer bees
  3 electric eels
  8 howler monkeys
  A crimson imp (D:3)
  2 bullfrog zombies (D:6)
  A gnoll bouda (D:5)
  2 hounds
  A human zombie (D:6)
  A centaur zombie (D:6)
  4 sleepcaps
  22 orc priests
  A bullfrog skeleton (Crypt:2)
  A boggart zombie (Crypt:2)
  Terence (D:2)
  8 iguanas
  22 orc wizards
  A killer bee zombie (D:6)
  2 mummies (D:6)
  A howler monkey zombie (D:6)
  16 gnolls
  11 adders
  2 shadow imps (D:6)
  4 white imps
  7 ufetubi
  3 worms
  5 dart slugs
  62 orcs
  5 ball pythons
  6 endoplasms
  A giant cockroach (D:2)
  9 goblins
  7 hobgoblins
  8 jackals
  5 kobolds
  6 quokkas
  5 bats
  2 frilled lizards
  A kobold zombie (Crypt:2)
  7 rats
2337 creatures vanquished.

Vanquished Creatures (collateral kills)
  Mara (Spider:4)
  A juggernaut (Depths:3)
  Boris (Vaults:4)
  A golden dragon (Vaults:5)
  Arachne (Spider:3)
  A deep elf blademaster (Elf:3)
  Asterion (Spider:3)
  Agnes (Elf:1)
  An iron dragon (Depths:3)
  An emperor scorpion (Spider:2)
  A formless jellyfish (Vaults:4)
  An ironbound thunderhulk (Vaults:3)
  A dire elephant (Vaults:4)
  5 merfolk impalers
  2 yaktaur captains
  A peacekeeper (Vaults:3)
  3 centaur warriors
  A hydra (D:14)
  A radroach (Lair:2)
  4 merfolk aquamancers
  10 dancing weapons
  2 alligator snapping turtles
  A sea snake (Shoals:4)
  A cherub (Shoals:4)
  A pharaoh ant (Spider:1)
  A deep troll (Depths:4)
  An orb spider (Spider:4)
  2 deep elf archers
  A flayed ghost (Depths:4)
  2 deep elf pyromancers
  2 ironbound convokers
  A wolf spider (Spider:3)
  2 deep elf zephyrmancers (Elf:1)
  A harpy (Shoals:4)
  A necromancer (D:14)
  An ugly thing (D:14)
  An orc knight (Vaults:4)
  3 cyclopes (D:14)
  A merfolk siren (Shoals:2)
  2 vault sentinels
  A yaktaur (Vaults:4)
  2 efreet (D:14)
  A freezing wraith (D:14)
  4 merfolk
  A meliai (D:14)
  2 harpy zombies (Shoals:2)
  A polar bear (D:14)
  A queen bee (D:14)
  A tarantella (Spider:1)
  2 snapping turtles
  A centaur simulacrum (D:14)
  An air elemental (Elf:2)
  A jumping spider (Spider:4)
  A culicivora (Spider:1)
  A wraith (D:14)
  4 yaks (D:14)
  5 water elementals
  A basilisk (D:14)
  3 vampire mosquitoes (D:14)
  A warg (Vaults:5)
  An ice beast (D:14)
  2 manticore zombies (Shoals:2)
  2 wolves (D:14)
  13 killer bees (D:14)
  5 gnolls
  3 ufetubi (D:14)
  3 orcs
  A goblin (D:4)
  22 boulders
154 creatures vanquished.

Vanquished Creatures (others)
  A lich (Depths:1)
  A deep elf sorcerer (Elf:3)
  A ghost moth (Zot:1)
  A deep elf pyromancer (Elf:3)
  A wolf spider (Spider:1)
  A moth of wrath (Zot:1)
  A slime creature (Vaults:3)
  A vault sentinel (Vaults:3)
  A jumping spider (Spider:1)
  A redback (Spider:1)
  A warg (Orc:2)
  3 howler monkeys (D:8)
  A gnoll (D:5)
  3 orcs
  A hobgoblin (D:4)
  20 boulders
  4 tentacles (Shoals:3)
43 creatures vanquished.

Grand Total: 2534 creatures vanquished

Notes
Turn   | Place    | Note
-------+----------+-------------------------------------------
     0 | D:1      | Sergey the Barachi Earth Elementalist began the quest for
                  | the Orb.
     0 | D:1      | Reached XP level 1. HP: 13/13 MP: 3/3
   352 | D:1      | Reached skill level 1 in Fighting
   502 | D:1      | Reached XP level 2. HP: 22/22 MP: 2/5
   597 | D:1      | Learned a level 2 spell: Passwall
  1225 | D:1      | Reached XP level 3. HP: 27/27 MP: 3/6
  1257 | D:1      | Learned a level 3 spell: Stone Arrow
  2845 | D:2      | Noticed Terence
  3010 | D:2      | Reached XP level 4. HP: 34/34 MP: 7/7
  3135 | D:2      | Noticed a scorpion
  3139 | D:2      | Killed a scorpion
  3140 | D:2      | Reached skill level 1 in Throwing
  3140 | D:2      | Reached skill level 3 in Spellcasting
  3140 | D:2      | Reached skill level 1 in Conjurations
  3140 | D:2      | Reached XP level 5. HP: 41/41 MP: 7/9
  3160 | D:2      | Learned a level 1 spell: Apportation
  4187 | D:3      | Found a faded altar of an unknown god.
  4193 | D:3      | Found a glowing golden altar of the Shining One.
  4452 | D:3      | Found a shimmering altar of Xom.
  4452 | D:3      | Found a burning altar of Makhleb.
  4823 | D:3      | Found a bloodstained altar of Trog.
  4934 | D:2      | Reached XP level 6. HP: 47/47 MP: 10/10
  5147 | D:4      | Learned a level 4 spell: Brom's Barrelling Boulder
  6306 | D:4      | Reached XP level 7. HP: 44/52 MP: 7/11
  6510 | D:5      | Entered Level 5 of the Dungeon
  6527 | D:5      | Reached skill level 5 in Conjurations
  6527 | D:5      | Reached skill level 5 in Earth Magic
  6969 | D:5      | Reached skill level 4 in Spellcasting
  7102 | D:5      | Found a stormy altar of Qazlal.
  7107 | D:5      | Reached XP level 8. HP: 58/58 MP: 1/14
  7828 | D:5      | Reached skill level 5 in Spellcasting
  8497 | D:2      | Killed Terence
  8663 | D:6      | Found Ninud's Distillery.
  8666 | D:6      | Bought a potion of haste for 120 gold pieces
  8666 | D:6      | Bought a potion of lignification for 36 gold pieces
  8666 | D:6      | Bought a potion of attraction for 36 gold pieces
  8666 | D:6      | Bought a potion of enlightenment for 60 gold pieces
  8717 | D:5      | Reached skill level 1 in Evocations
  9246 | D:6      | Reached XP level 9. HP: 64/64 MP: 12/16
  9332 | D:6      | Found a basalt altar of Yredelemnul.
  9488 | D:6      | Found a snail-covered altar of Cheibriados.
  9754 | D:6      | Reached skill level 5 in Fighting
  9754 | D:6      | Reached skill level 6 in Spellcasting
 10196 | D:6      | Reached skill level 7 in Spellcasting
 10274 | D:6      | Found a staircase to the Ecumenical Temple.
 10438 | Temple   | Entered the Ecumenical Temple
 10451 | Temple   | Became a worshipper of Vehumet
 10682 | D:6      | Reached skill level 8 in Spellcasting
 10812 | D:6      | Reached skill level 5 in Evocations
 11527 | D:7      | Reached XP level 10. HP: 71/74 MP: 13/22
 11593 | D:7      | Reached * piety under Vehumet
 11593 | D:7      | Offered knowledge of Magic Dart by Vehumet.
 11595 | D:7      | Reached skill level 9 in Spellcasting
 12178 | D:7      | Found a runed translucent door.
 12178 | D:7      | Found a runed translucent door.
 12178 | D:7      | Noticed a cyclops
 12178 | D:7      | Noticed a kobold demonologist
 12245 | D:7      | Identified the +1 ring mail "Qaang" {rC++ Int+3 Dex+2
                  | Stlth-}
 12274 | D:7      | Noticed a two-headed ogre
 12435 | D:7      | Found a runed translucent door.
 13106 | D:8      | Learned a level 3 spell: Hailstorm
 13298 | D:8      | Noticed a two-headed ogre
 13311 | D:8      | Killed a two-headed ogre
 13312 | D:8      | Reached skill level 10 in Spellcasting
 13831 | D:8      | Found a runed translucent gate.
 13831 | D:8      | Found a runed translucent gate.
 13831 | D:8      | Found a runed translucent gate.
 13831 | D:8      | Noticed an 11-headed hydra
 13831 | D:8      | Noticed Syrassil's ghost (novice BaFi)
 14217 | D:9      | Noticed a two-headed ogre
 14227 | D:9      | Noticed an eight-headed hydra
 14229 | D:9      | Killed a two-headed ogre
 14696 | D:9      | Noticed Jeremiah
 14797 | D:9      | Reached XP level 11. HP: 56/86 MP: 3/25
 15087 | D:9      | Killed Jeremiah
 15381 | D:9      | You fall into a shaft and drop 3 floors!
 15388 | D:12     | Noticed Rupert
 15460 | D:12     | Noticed a manticore
 15577 | D:12     | Found a transporter.
 15581 | D:12     | Noticed a manticore
 15602 | D:12     | Reached skill level 5 in Dodging
 15638 | D:12     | Noticed a two-headed ogre
 15686 | D:12     | Reached skill level 11 in Spellcasting
 15855 | D:12     | Noticed a two-headed ogre
 15864 | D:12     | Killed a two-headed ogre
 15994 | D:11     | Noticed a cyclops
 16448 | D:11     | Killed a cyclops
 16568 | D:11     | Found a staircase to the Orcish Mines.
 16584 | D:10     | Entered Level 10 of the Dungeon
 16585 | D:10     | Identified the ring "Cainizel" {Ice rPois Will+ Stlth+}
 16597 | D:10     | Offered knowledge of Freeze by Vehumet.
 16599 | D:10     | Reached ** piety under Vehumet
 16600 | D:10     | Reached skill level 12 in Spellcasting
 16845 | D:10     | Found a staircase to the Lair.
 16992 | D:9      | Killed an eight-headed hydra
 17222 | D:9      | Reached skill level 10 in Fighting
 17375 | D:9      | Identified the +7 mace "Savapturr" {venom, Str+3}
 17470 | D:9      | Noticed a two-headed ogre
 17485 | D:9      | Killed a two-headed ogre
 17486 | D:9      | Reached XP level 12. HP: 97/97 MP: 11/28
 17950 | D:10     | Noticed Gastronok
 17958 | D:10     | Killed Gastronok
 18204 | D:10     | Offered knowledge of Poisonous Vapours by Vehumet.
 18433 | D:10     | Found a hazy altar of Hepliaklqana.
 18689 | D:11     | Learned a level 5 spell: Irradiate
 18908 | D:11     | Noticed Lodul
 18967 | Lair:1   | Entered Level 1 of the Lair of Beasts
 19018 | Lair:1   | Reached *** piety under Vehumet
 19290 | Lair:1   | Offered knowledge of Mephitic Cloud by Vehumet.
 20304 | Lair:2   | Gained mutation: You can hop long distances. [Barachi
                  | growth]
 20304 | Lair:2   | Reached XP level 13. HP: 106/106 MP: 22/29
 20580 | Lair:2   | Reached **** piety under Vehumet
 20812 | Lair:2   | Identified the +0 pair of gloves of the Louse {Slay+3}
 20837 | Lair:2   | Found a hole to the Spider Nest.
 20852 | Lair:2   | Offered knowledge of Yara's Violent Unravelling by Vehumet.
 21222 | Lair:2   | Reached skill level 13 in Spellcasting
 21842 | Lair:3   | Reached skill level 10 in Conjurations
 21985 | Lair:3   | Learned a level 5 spell: Freezing Cloud
 22374 | Lair:3   | Found a staircase to the Shoals.
 22379 | Lair:3   | Reached skill level 1 in Air Magic
 23011 | Lair:4   | Reached XP level 14. HP: 82/115 MP: 12/31
 23015 | Lair:4   | Reached skill level 10 in Dodging
 23025 | Lair:4   | Reached skill level 14 in Spellcasting
 23527 | Lair:4   | Identified the +1 battleaxe of Uskayaw's Displeasure
                  | {freeze, SInv}
 24140 | Lair:5   | Entered Level 5 of the Lair of Beasts
 24140 | Lair:5   | Noticed Snorg
 24147 | Lair:5   | Killed Snorg
 24303 | Lair:4   | Reached skill level 15 in Spellcasting
 24570 | Lair:5   | Found a staircase to the Slime Pits.
 24650 | Lair:5   | Reached ***** piety under Vehumet
 24660 | Lair:5   | Offered knowledge of Eringya's Noxious Bog by Vehumet.
 26775 | Lair:5   | Reached skill level 1 in Armour
 26775 | Lair:5   | Reached XP level 15. HP: 118/126 MP: 20/34
 27668 | Orc:1    | Entered Level 1 of the Orcish Mines
 27849 | D:11     | Killed Lodul
 28195 | D:12     | Noticed Naggiasi's ghost (journeyman KoBr)
 28546 | Orc:1    | Reached skill level 5 in Armour
 28547 | Orc:1    | Reached skill level 15 in Fighting
 29235 | Orc:2    | Entered Level 2 of the Orcish Mines
 29242 | Orc:2    | Found a staircase to the Elven Halls.
 29243 | Orc:2    | Found a transporter.
 29469 | Orc:2    | Found a transporter.
 29469 | Orc:2    | Found Distrug's Armour Shoppe.
 29670 | Orc:2    | Found Wekom's Antique Weapon Emporium.
 29671 | Orc:2    | Found Zibypp's Book Shoppe.
 29680 | Orc:2    | Reached ****** piety under Vehumet
 29680 | Orc:2    | Offered knowledge of Starburst by Vehumet.
 29685 | Orc:2    | Reached skill level 16 in Spellcasting
 30548 | Orc:2    | Found Jikhlu's Weapon Shop.
 30557 | Orc:2    | Found Tenuew's Distillery.
 30567 | Orc:2    | Bought a potion of haste for 150 gold pieces
 30567 | Orc:2    | Bought a potion of haste for 150 gold pieces
 30567 | Orc:2    | Bought a potion of heal wounds for 75 gold pieces
 30567 | Orc:2    | Bought a potion of ambrosia for 120 gold pieces
 30628 | Orc:2    | Found Aperayty's Jewellery Emporium.
 30631 | Orc:2    | Found Moddehaed's Distillery.
 30641 | Orc:2    | Bought a potion of curing for 36 gold pieces
 30641 | Orc:2    | Bought a potion of brilliance for 48 gold pieces
 30641 | Orc:2    | Bought a potion of heal wounds for 60 gold pieces
 31230 | D:12     | Found a transporter.
 31325 | D:12     | Killed Rupert
 31906 | D:12     | Noticed Fannar
 31916 | D:12     | Killed Fannar
 32042 | D:12     | Reached XP level 16. HP: 136/136 MP: 27/36
 32179 | D:13     | Found a radiant altar of Vehumet.
 32269 | D:13     | Noticed Erolcha
 32298 | D:13     | Killed Erolcha
 32472 | D:13     | Reached skill level 17 in Spellcasting
 33103 | D:13     | Reached skill level 1 in Long Blades
 33302 | D:13     | Noticed Urug
 33306 | D:13     | Killed Urug
 33954 | D:13     | Identified the +6 chain mail "Biessum" {Will- Dex+7}
 34006 | D:13     | Offered knowledge of Bombard by Vehumet.
 34014 | D:13     | Learned a level 6 spell: Bombard
 34676 | D:14     | Found a frozen archway.
 34676 | D:14     | Noticed an azure jelly
 34681 | D:14     | Killed an azure jelly
 34750 | IceCv    | Entered an ice cave
 34826 | IceCv    | Reached skill level 5 in Long Blades
 35667 | IceCv    | Reached skill level 1 in Summonings
 35943 | IceCv    | Learned a level 7 spell: Spellforged Servitor
 36429 | IceCv    | Reached skill level 5 in Summonings
 37229 | IceCv    | Reached XP level 17. HP: 142/142 MP: 19/38
 37311 | IceCv    | Identified the +3 war axe "Eroph" {venom, rElec rPois}
 37626 | D:14     | Found Orie's Distillery.
 37637 | D:14     | Bought a potion of curing for 45 gold pieces
 37637 | D:14     | Bought a potion of curing for 45 gold pieces
 37637 | D:14     | Bought a potion of brilliance for 60 gold pieces
 37637 | D:14     | Bought a potion of heal wounds for 75 gold pieces
 37637 | D:14     | Bought a potion of magic for 120 gold pieces
 37637 | D:14     | Bought a potion of cancellation for 120 gold pieces
 38264 | D:14     | Reached skill level 10 in Summonings
 38338 | D:14     | Offered knowledge of Ozocubu's Refrigeration by Vehumet.
 38347 | D:14     | Learned a level 7 spell: Ozocubu's Refrigeration
 38687 | Orc:2    | Bought a +5 ring of evasion for 432 gold pieces
 40377 | D:14     | Found a gate to the Vaults.
 40621 | Shoals:1 | Entered Level 1 of the Shoals
 41031 | Shoals:1 | Noticed Jorgrun
 41038 | Shoals:1 | Killed Jorgrun
 41788 | Shoals:1 | Reached skill level 5 in Ice Magic
 41946 | Shoals:1 | Identified the amulet of Mutualism {Reflect Regen+ Dex+2
                  | SH+5}
 42426 | Shoals:2 | Offered knowledge of Fireball by Vehumet.
 44415 | Shoals:2 | Reached XP level 18. HP: 149/149 MP: 21/39
 44906 | Shoals:3 | Identified the of Zaty
 44909 | Shoals:3 | Reached skill level 10 in Ice Magic
 46140 | Shoals:3 | Noticed a tentacled monstrosity
 46146 | Shoals:3 | Killed a tentacled monstrosity
 46287 | Shoals:3 | Identified the ring of Vimuge {Fly rF+ rC+++ EV+5 Int-2}
 46950 | Shoals:3 | Offered knowledge of Iskenderun's Battlesphere by Vehumet.
 47730 | Shoals:4 | Entered Level 4 of the Shoals
 48753 | Shoals:4 | Found a white marble altar of Elyvilon.
 48839 | Shoals:4 | Reached skill level 15 in Ice Magic
 48849 | Shoals:4 | Learned a level 9 spell: Polar Vortex
 49696 | Shoals:4 | Found a glowing golden altar of the Shining One.
 49867 | Shoals:4 | Offered knowledge of Lehudib's Crystal Spear by Vehumet.
 50070 | Shoals:4 | Found a glowing silver altar of Zin.
 50329 | Shoals:4 | Got a barnacled rune of Zot
 50659 | Spider:1 | Entered Level 1 of the Spider Nest
 50702 | Spider:1 | Reached XP level 19. HP: 155/155 MP: 8/40
 52385 | Spider:2 | Reached skill level 18 in Spellcasting
 53325 | Spider:2 | Offered knowledge of Fire Storm by Vehumet.
 53325 | Spider:2 | Offered knowledge of Shatter by Vehumet.
 53325 | Spider:2 | Offered knowledge of Chain Lightning by Vehumet.
 54706 | Spider:3 | Noticed Arachne
 54759 | Spider:3 | Noticed Asterion
 54760 | Spider:3 | Killed Arachne
 55839 | Spider:3 | Killed Asterion
 56033 | Spider:4 | Entered Level 4 of the Spider Nest
 56701 | Spider:4 | Noticed Mara
 56832 | Spider:4 | Killed Mara
 56994 | Spider:4 | Reached skill level 19 in Spellcasting
 57435 | Spider:4 | Noticed Roxanne
 57646 | Elf:1    | Identified the of Upuilizo
 57646 | Elf:1    | Identified the of Sazoteru
 57646 | Elf:1    | Identified the of Terac
 57646 | Elf:1    | Entered Level 1 of the Elven Halls
 58215 | Elf:1    | Noticed Agnes
 58220 | Elf:1    | Killed Agnes
 58394 | Elf:1    | Reached XP level 20. HP: 162/162 MP: 33/43
 58719 | Elf:1    | Noticed Nikola
 58753 | Elf:1    | Killed Nikola
 59144 | Elf:1    | Found a runed translucent gate.
 59144 | Elf:1    | Found a runed translucent gate.
 59144 | Elf:1    | Found a runed translucent gate.
 59144 | Elf:1    | Found a runed translucent gate.
 59145 | Elf:1    | Found a runed translucent gate.
 59148 | Elf:1    | Found a runed translucent gate.
 59217 | Elf:1    | Found Epeozeso's Weapon Boutique.
 59686 | Elf:1    | Found Teprimot's Assorted Antiques.
 59691 | Elf:1    | Bought a potion of curing for 87 gold pieces
 59691 | Elf:1    | Bought a scroll of fog for 116 gold pieces
 59691 | Elf:1    | Bought a scroll of blinking for 217 gold pieces
 59877 | Elf:1    | Noticed Donald
 59880 | Elf:1    | Killed Donald
 59970 | Elf:1    | Identified the +6 scimitar "Spiderslayer" {heavy, Dex+6}
 59975 | Elf:1    | Found Mebrozerph's Mayhem Merchandise.
 60860 | Elf:2    | Paralysed by an air elemental for 1 turns
 61083 | Elf:2    | Reached skill level 20 in Spellcasting
 61401 | Elf:2    | Paralysed by an air elemental for 1 turns
 62582 | Elf:2    | Found a runed translucent door.
 62700 | Elf:2    | Found a runed translucent door.
 62988 | Elf:3    | Identified the "Wamaamut"
 62988 | Elf:3    | Identified the "Ceinat"
 62988 | Elf:3    | Entered Level 3 of the Elven Halls
 63231 | Elf:3    | Found Wofous's Specific Store.
 63232 | Elf:3    | Found Casoam's General Store.
 63237 | Elf:3    | Bought a potion of haste for 110 gold pieces
 63669 | Elf:3    | Identified the +3 war axe of Qeath {heavy, Int+4}
 64480 | Elf:3    | Identified the ring of the Scarab {Ice *Corrode +Blink rN++
                  | Str-4 Slay+4}
 64824 | Elf:3    | Found a shimmering blue altar of Sif Muna.
 65225 | Elf:3    | Identified the ring "Azimmem" {Wiz rPois}
 65266 | Elf:3    | Reached XP level 21. HP: 147/168 MP: 6/45
 65922 | Elf:3    | Identified the +5 shortbow "Vosil" {antimagic, rPois Will+
                  | rCorr Str-5}
 65933 | Elf:3    | Identified the staff "Wikuim" {rPois rC- rCorr Conj}
 65934 | Elf:3    | Identified the +0 ring mail "Haqufihe" {Str+3}
 66060 | Elf:3    | Bought a potion of brilliance for 44 gold pieces
 66395 | Vaults:1 | Entered Level 1 of the Vaults
 68827 | Vaults:2 | Found a staircase to the Crypt.
 69072 | Vaults:2 | Noticed Saint Roka
 69081 | Vaults:2 | Killed Saint Roka
 69348 | Vaults:2 | Reached skill level 10 in Long Blades
 69634 | Vaults:2 | Noticed Aizul
 69639 | Vaults:2 | Killed Aizul
 69640 | Vaults:2 | Reached XP level 22. HP: 180/180 MP: 15/46
 69957 | Vaults:2 | Reached skill level 21 in Spellcasting
 71495 | Vaults:3 | Reached skill level 22 in Spellcasting
 71899 | Vaults:3 | Found a runed translucent gate.
 71899 | Vaults:3 | Found a runed translucent gate.
 71900 | Vaults:3 | Found a runed translucent gate.
 71901 | Vaults:3 | Noticed Ciq Qara's ghost (veteran GrEE)
 72021 | Vaults:3 | Noticed Jory
 72033 | Vaults:3 | Killed Jory
 72127 | Vaults:3 | Found a portal to a secret trove of treasure.
 73261 | Vaults:3 | Identified the +0 pair of gloves "Taekousk" {rN+ Will-
                  | Int+4}
 74014 | D:7      | Identified the +8 dagger of Lelyruic {venom, rElec rPois}
 74420 | D:12     | Killed Naggiasi's ghost
 74659 | Vaults:4 | Noticed Margery
 74802 | Vaults:4 | Killed Margery
 74813 | Vaults:3 | Reached XP level 23. HP: 145/192 MP: 16/49
 75343 | Vaults:4 | Identified the ring "Wuoma" {Fire *Corrode Will+ Dex+2}
 75469 | Vaults:4 | Found Eha Tatu's Magic Scroll Emporium.
 75479 | Vaults:4 | Bought a scroll of butterflies for 80 gold pieces
 75479 | Vaults:4 | Bought a scroll of revelation for 150 gold pieces
 75479 | Vaults:4 | Bought a scroll of revelation for 150 gold pieces
 75622 | Vaults:4 | Noticed Boris
 75654 | Vaults:4 | Killed Boris
 75851 | Vaults:4 | Found Aducvud's Armour Emporium.
 77881 | Vaults:5 | Entered Level 5 of the Vaults
 77885 | Vaults:5 | Reached skill level 10 in Evocations
 77900 | Vaults:5 | Reached skill level 23 in Spellcasting
 77932 | Vaults:5 | Noticed a dread lich
 78052 | Vaults:5 | Killed a dread lich
 78053 | Vaults:5 | Reached XP level 24. HP: 170/204 MP: 45/50
 78131 | Vaults:5 | Noticed an ancient lich
 78135 | Vaults:5 | Killed an ancient lich
 78523 | Vaults:5 | Reached skill level 24 in Spellcasting
 79114 | Vaults:5 | Noticed an ancient lich
 79462 | Vaults:5 | Found the dreamshard necklace {Acrobat *Dream}
 79470 | Vaults:5 | Identified the ring of Wonlif {Contam rC+++ Will+ Str+4
                  | Int+3}
 79953 | Vaults:5 | Identified the +0 pair of gloves of Discretion {rCorr}
 80531 | Vaults:5 | Got a silver rune of Zot
 80682 | Vaults:5 | Killed an ancient lich
 81553 | D:15     | Entered Level 15 of the Dungeon
 81558 | D:15     | Found a staircase to the Depths.
 81612 | D:15     | Reached skill level 15 in Dodging
 82099 | D:15     | Learned a level 2 spell: Blink
 82107 | D:15     | Learned a level 7 spell: Malign Gateway
 82530 | D:15     | Identified the +1 robe "Lah Junt" {rElec Str+3 Int-3}
 82972 | Depths:1 | Entered Level 1 of the Depths
 83258 | Depths:1 | Found a gateway to Hell.
 83341 | Depths:1 | Noticed Bai Suzhen
 83486 | Depths:1 | Killed Bai Suzhen
 83887 | Depths:1 | Reached XP level 25. HP: 180/210 MP: 13/51
 83923 | Depths:1 | Reached skill level 1 in Shields
 84105 | Depths:1 | Noticed Boris
 84126 | Depths:1 | Killed Boris
 84739 | Depths:2 | Reached skill level 5 in Shields
 86977 | Depths:2 | Noticed Boris
 87050 | Depths:2 | Killed Boris
 87051 | Depths:2 | Reached skill level 10 in Shields
 87501 | Depths:2 | Found a one-way gate leading to the halls of Pandemonium.
 88350 | Depths:3 | Found a hazy altar of Hepliaklqana.
 88454 | Depths:3 | Found a one-way gate to the infinite horrors of the Abyss.
 88591 | Depths:3 | Noticed a juggernaut
 88620 | Depths:3 | Killed a juggernaut
 88922 | Depths:3 | Noticed Vv
 88934 | Depths:3 | Killed Vv
 89246 | Depths:4 | Entered Level 4 of the Depths
 89257 | Depths:4 | Noticed Mennas
 89264 | Depths:4 | Killed Mennas
 90062 | Depths:4 | Reached XP level 26. HP: 119/220 MP: 51/51
 90063 | Depths:4 | Found a gate to the Realm of Zot.
 90490 | Depths:4 | Found a one-way gateway to a ziggurat.
 90559 | Depths:4 | Noticed Sojobo
 90795 | Depths:4 | Noticed a juggernaut
 90802 | Depths:4 | Killed a juggernaut
 91078 | Depths:4 | Noticed the Enchantress
 91083 | Depths:4 | Killed the Enchantress
 91314 | Depths:4 | Killed Sojobo
 91701 | Slime:1  | Entered Level 1 of the Pits of Slime
 92330 | Slime:5  | Identified the "Koycop"
 92330 | Slime:5  | Identified the "Zogit"
 92330 | Slime:5  | Entered Level 5 of the Pits of Slime
 92333 | Slime:5  | Reached skill level 25 in Spellcasting
 92575 | Slime:5  | Noticed the Royal Jelly
 93002 | Slime:5  | Killed the Royal Jelly
 93173 | Slime:5  | Found the +12 glaive of Prune {freeze, Prune}
 93182 | Slime:5  | Identified the +6 lajatang "Caivuoxun" {pain, rPois rF-
                  | Str+2}
 93218 | Slime:5  | Paralysed by a formless jellyfish for 1 turns
 93417 | Slime:5  | Got a slimy rune of Zot
 93425 | Slime:5  | Identified the ring "Widoec" {rF+ rN+ Will- Int+3 Dex+4}
 93985 | Crypt:1  | Entered Level 1 of the Crypt
 94103 | Crypt:2  | Found a transporter.
 94323 | Crypt:2  | Found a transporter.
 94463 | Crypt:3  | Entered Level 3 of the Crypt
 94742 | Crypt:3  | Noticed Boris
 94941 | Crypt:3  | Reached skill level 10 in Armour
 95317 | Crypt:3  | Found a staircase to the Tomb.
 95389 | Crypt:3  | Killed Boris
 95487 | Crypt:3  | Reached XP level 27. HP: 231/232 MP: 49/52
 95488 | Crypt:3  | Noticed a dread lich
 95495 | Crypt:3  | Killed a dread lich
 95511 | Crypt:3  | Found a basalt altar of Yredelemnul.
 96335 | Zot:1    | Entered Level 1 of the Realm of Zot
 96356 | Zot:1    | Identified the +1 cloak "Ruaprat" {Dex+6}
 96611 | Elf:1    | Bought an embroidered scarf for 232 gold pieces
 96703 | Orc:2    | Bought a potion of enlightenment for 60 gold pieces
 96703 | Orc:2    | Bought a potion of mutation for 96 gold pieces
 96703 | Orc:2    | Bought a potion of invisibility for 96 gold pieces
 96703 | Orc:2    | Bought 2 potions of enlightenment for 120 gold pieces
 96716 | Orc:2    | Bought a transparent flail for 238 gold pieces
 96716 | Orc:2    | Identified the +5 flail of Abomination {heavy, rC- Will+++
                  | rCorr Int+2} (You bought it in a shop on level 2 of the
                  | Orcish Mines)
 96729 | Orc:2    | Bought a potion of might for 60 gold pieces
 96729 | Orc:2    | Bought a potion of curing for 45 gold pieces
 96729 | Orc:2    | Bought a potion of enlightenment for 75 gold pieces
 96729 | Orc:2    | Bought a potion of curing for 45 gold pieces
 97923 | Zot:4    | Reached skill level 26 in Spellcasting
 98136 | Zot:5    | Entered Level 5 of the Realm of Zot
 98306 | Zot:5    | Found a transporter.
 98315 | Zot:5    | Found a transporter.
 98317 | Zot:5    | Found a transporter.
 98318 | Zot:5    | Found a transporter.
 98426 | Zot:5    | Found a transporter.
 98445 | Zot:5    | Found a transporter.
 99159 | Zot:5    | Noticed an orb of fire
 99160 | Zot:5    | Noticed an orb of fire
 99171 | Zot:5    | Noticed an ancient lich
 99173 | Zot:5    | Gained mutation: You occasionally lose the ability to drink
                  | potions when taking damage. [an orb of fire]
 99175 | Zot:5    | Killed an orb of fire
 99179 | Zot:5    | Got the Orb of Zot
 99200 | Zot:5    | Killed an ancient lich
 99212 | Zot:5    | Gained mutation: Armour fits poorly on your strangely
                  | shaped body. [an orb of fire]
 99550 | D:7      | Reached skill level 27 in Spellcasting
 99727 | D:$      | Escaped with the Orb!

Illustrated notes

Levels and vault maps discovered:
D:1:      eino_arrival_water_star, layout_basic, amcnicky_mini_corridor_feature
D:2:      layout_loops_corners, minmay_misc_feat_columns, uniq_terence
D:3:      layout_rooms, nicolae_overflow_ecumenical_swirl, marbit_many_paths,
          grunt_temple_overflow_champion_of_chaos, minivault_24
D:4:      layout_rooms
D:5:      layout_cave_pools, mainiacjoe_overflow_six_doors_small,
          minmay_misc_feat_enclosed
D:6:      minmay_diamond_boxcup, layout_basic, mainiacjoe_overflow_catwalk,
          lemuel_mausoleum_altar_yredelemnul, temple_green, serial_shops, shop,
          minmay_quadrilaterals
D:7:      minmay_the_grid_four_pointed_star
          [minmay_the_grid_triangle_9x9_subtriangle,
          minmay_the_grid_triangle_9x9_tough_junction,
          minmay_the_grid_triangle_9x9_longest,
          minmay_the_grid_triangle_9x9_impossible_snake,
          minmay_the_grid_prize_four_corners_diamond_a], layout_basic,
          corner_web_ring
D:8:      layout_rooms, gammafunk_ghost_hydra_chop, lemuel_flamethrower_2
D:9:      hangedman_cross_stitches, layout_long_grid, uniq_jeremiah
D:10:     layout_roguey, nicolae_hepliaklqana_hippocampus,
          minmay_lair_entry_grove, uniq_gastronok
D:11:     layout_roguey, orc_0_dummy, uniq_lodul
D:12:     layout_stronghold, nzn_ghost_randoct, uniq_fannar, uniq_rupert
D:13:     minmay_elf_outpost, layout_cave_pools, fiery_altar_vehumet, uniq_urug,
          uniq_erolcha
D:14:     hangedman_what_comes_after_a, layout_irregular_city, david_vaults_4,
          serial_shops, shop_fountains, serial_ice, serial_ice_f, serial_ice_j,
          serial_ice_h, serial_ice_n, serial_ice_o, serial_ice_a, serial_ice_g,
          serial_ice_b, portal_ice_cave_entry_frozen_things
D:15:     grunt_enter_depths_giant_problem, layout_irregular_city,
          nicolae_figureground_pulse, kennysheep_pointless_box,
          hangedman_abyss_or_decor_stabs, minmay_diced_spiral
Temple:   dpeg_chambers_temple
Lair:1:   layout_hall_layers, infiniplex_staircase_pool, grunt_megastairs_1,
          serial_bayou_shore_b
Lair:2:   layout_loops_ring, spider_nest_entry_web_field, serial_bayou_ford_a,
          grunt_megastairs_3
Lair:3:   layout_gridlike, minmay_shoals_entry_lonely_mermaid
Lair:4:   nzn_winding_woodlands_stair_cross
          [nzn_winding_woodlands_5x15_concentric,
          nzn_winding_woodlands_center_diamonds,
          nzn_winding_woodlands_5x15_jagged, nzn_winding_woodlands_5x5_three,
          nzn_winding_woodlands_5x5_checkerboard,
          nzn_winding_woodlands_5x15_river_crossing,
          nzn_winding_woodlands_center_pierced_h,
          nzn_winding_woodlands_5x15_garden], layout_small_grid
Lair:5:   guppyfry_lair_end_dragon, layout_gridlike,
          hangedman_lair_caniforms_friends, slime_entry_1,
          infiniplex_staircase_pool_2, serial_bayou_shore_b, uniq_snorg
Shoals:1: layout_shoals, uniq_jorgrun
Shoals:2: layout_shoals, nicolae_shoals_undead_eyrie
Shoals:3: dreamdust_from_the_deep, layout_shoals,
          nicolae_shoals_the_drawing_of_the_three
Shoals:4: shoals_end_hellmonk_holy_island, serial_shops
Spider:1: layout_spider_delve, nicolae_spider_webs_and_nodes
Spider:2: layout_spider_delve, hangedman_spider_tarantella_strand
Spider:3: layout_spider_delve, uniq_arachne, uniq_asterion
Spider:4: floodkiller_spider_rune_tomb, uniq_roxanne, uniq_mara
Slime:1:  layout_caves
Slime:2:  layout_caves
Slime:3:  layout_caves, nicolae_slime_barrier
Slime:4:  layout_caves
Slime:5:  slime_pit_nicolae_amoeboid
Orc:1:    minmay_goldmine, layout_caves
Orc:2:    st_orc_open, layout_caves, serial_shops, nicolae_shop_drivethru,
          guppyfry_orc_lava_fort
Elf:1:    elf_arrival_001, layout_gridlike, serial_shops, shop, shop,
          orc_legates, minmay_shop_mayhem, bh_hangedman_babel_library,
          grunt_megastairs_2, uniq_agnes, uniq_donald, uniq_nikola
Elf:2:    elven_hall_of_blades_hangedman_original
          [nicolae_blade_entry_splitting_headache], layout_gridlike,
          minmay_misc_feat_five, minmay_misc_feat_pillars, david_greed
Elf:3:    elf_hall_gauntlet_narrow, layout_rooms, basic_altar,
          hangedman_elf_power_crystal, st_stairs_1, grunt_ministairs_6,
          nicolae_specific_store
Vaults:1: vaults_room_octagon, vaults_room_fours, st_diamondy,
          nicolae_vaults_storage_closets_2, nicolae_vaults_little_squares_1,
          ontoclasm_vaults_decontamination, nicolae_vaults_diamond_1,
          nicolae_vaults_double_plus_1, nicolae_vaults_diagonal_hallway_8,
          nicolae_vaults_rhombus_5, layout_vaults_chaotic_city
Vaults:2: v_misc_16, ontoclasm_vaults_hangar, nicolae_vaults_border_crossing,
          vaults_room_door_hall, nicolae_vaults_little_ls,
          nicolae_vaults_door_testing_chamber,
          minmay_crypt_entry_simple_corners, nicolae_vaults_apartment_1,
          vaults_mumra_minichess_inversion, nicolae_vaults_crenellated_ambush,
          v_misc_1, nicolae_vaults_weapon_check, layout_vaults_quadrants,
          uniq_saint_roka, uniq_aizul
Vaults:3: gammafunk_ghost_tricky_traps, st_spiral_rooms,
          vaults_standard_mumra_x, v_misc_18, hangedman_vaults_cutoff,
          nicolae_vaults_network_quinsquares
          [nicolae_vaults_network_quincunx_subvault,
          nicolae_vaults_network_quincunx_subvault,
          nicolae_vaults_network_quincunx_subvault,
          nicolae_vaults_network_quincunx_subvault], vaults_mumra_hex,
          v_misc_12, vaults_dpeg_doors, v_alt_pattern_4, layout_vaults_omnibox,
          nicolae_trove_entry_crossroad, uniq_jory
Vaults:4: nicolae_vaults_shipping_containers_1, vaults_room_mumra_shop_pool,
          nicolae_vaults_stepped_doors, v_misc_1,
          nicolae_vaults_more_shelving_2, vaults_dpeg_diagonal,
          nicolae_vaults_twisting_passages, nicolae_vaults_trapezoid_layered,
          nicolae_vaults_hallways_thing, vaults_dpeg_hooks,
          dpeg_vaults_monster_row, nicolae_vaults_two_Ls,
          vaults_room_ringed_pool, v_misc_19, nicolae_vaults_octothorpe,
          nicolae_vaults_closet_pinwheel_4, layout_vaults_maze, serial_shops,
          nicolae_shop_crystal, uniq_margery, uniq_boris
Vaults:5
Crypt:1:  layout_chaotic_city
Crypt:2:  gammafunk_its_a_trap, layout_chaotic_city
Crypt:3:  cryptofortress_bobbens
Depths:1: layout_cave_pools, grunt_metal_band, minmay_tree_intersection,
          uniq_bai_suzhen
Depths:2: minmay_eyes, layout_gridlike, pf_hell_entry_tar_river,
          hex_intersection, rand_demon_pan_entry_7
Depths:3: minmay_shrinking_squares, layout_cave_pools, hell_entry, abyss_entry,
          lemuel_round_altar, kennysheep_generic_room_11, uniq_vv
Depths:4: grunt_zot_entry_alcove, layout_basic, enter_ziggurat_f,
          serial_corexii_hall, corexii_hall_statues_x, corexii_hall_statues_t,
          rand_demon_pan_entry_5, chequers_decorated_corner, hell_entry,
          uniq_mennas, uniq_enchantress, uniq_sojobo
Zot:1:    layout_misc_corridors, hangedman_elemental_grid_stream
Zot:2:    layout_basic
Zot:3:    layout_onion_interference, hangedman_zot_diagonal_lockstep
Zot:4:    layout_misc_corridors
Zot:5:    layout_concentric_octagons, st_stairs_7, serial_nicolae_subway,
          nicolae_sub_station_stone, nicolae_sub_station_metal,
          nicolae_sub_station_crystal

Skill      XL: |  1  2  3  4  5  6  7  8  9 10 11 12 13 14 15 16 17 18 19 20 21 22 23 24 25 26 27 |
---------------+----------------------------------------------------------------------------------+-----
Stealth        | 2 3 |  3.0
Fighting       | 1 2 3 5 8 10 11 12 14 15 16 18 20 22 23 | 23.0
Throwing       | 1 3 |  3.0
Spellcasting   | 3 4 5 8 10 12 13 15 16 17 19 20 22 23 24 25 27 | 27.0
Conjurations   | 1 3 4 5 7 9 10 12 | 12.0
Earth Magic    | 4 5 6 8 |  8.6
Evocations     | 4 5 6 8 10 11 12 | 12.0
Ice Magic      | 4 9 16 19 22 23 24 | 24.0
Dodging        | 3 6 7 9 12 15 | 15.0
Transmutations | 3 4 |  4.0
Air Magic      | 3 4 |  4.0
Armour         | 1 6 10 12 | 12.0
Long Blades    | 5 10 11 12 | 12.0
Summonings     | 7 11 12 13 | 13.8
Shields        | 12 | 12.0

Action                     |  1- 3 |  4- 6 |  7- 9 | 10-12 | 13-15 | 16-18 | 19-21 | 22-24 | 25-27 || total
---------------------------+-------+-------+-------+-------+-------+-------+-------+-------+-------++-------
  Melee: Dagger            |     1 |     2 |     4 |    10 |       |       |       |       |       ||    17
         Staff             |       |       |       |     4 |     3 |       |       |     1 |     5 ||    13
         Scimitar          |       |       |       |       |       |    35 |     9 |       |     2 ||    46
         Demon blade       |       |       |       |       |       |       |     8 |     1 |    22 ||    31
         Punch             |       |       |       |       |       |       |     1 |       |       ||     1
  Throw: Dart              |    21 |    27 |    19 |    16 |    11 |     2 |     2 |       |       ||    98
         Throwing net      |       |       |       |     1 |       |       |       |       |       ||     1
   Cast: Sandblast         |    37 |    77 |   101 |    50 |    10 |       |       |       |       ||   275
         Apportation       |       |    19 |    15 |    14 |     5 |       |    33 |     1 |       ||    87
         Stone Arrow       |       |     3 |    41 |   150 |   155 |    11 |       |       |       ||   360
         Brom's Barrelling |       |       |    32 |    42 |       |     3 |       |     3 |       ||    80
         Hailstorm         |       |       |       |    70 |   111 |    79 |     3 |    11 |     6 ||   280
         Passwall          |       |       |       |     1 |       |     2 |     1 |       |     2 ||     6
         Freezing Cloud    |       |       |       |       |   194 |   175 |    11 |     3 |       ||   383
         Irradiate         |       |       |       |       |    19 |    21 |    19 |    18 |    21 ||    98
         Bombard           |       |       |       |       |       |   157 |    92 |    68 |    79 ||   396
         Ozocubu's Refrige |       |       |       |       |       |   212 |   462 |   384 |   386 ||  1444
         Spellforged Servi |       |       |       |       |       |    39 |    34 |    14 |     8 ||    95
         Polar Vortex      |       |       |       |       |       |       |    23 |    71 |   108 ||   202
         Blink             |       |       |       |       |       |       |       |       |     2 ||     2
Ability: Hop               |     2 |     3 |     7 |     9 |     4 |     6 |     3 |     4 |    10 ||    48
  Evoke: Wand              |       |       |     5 |     8 |     2 |    15 |    13 |     7 |    23 ||    73
         Box of beasts     |       |       |       |       |       |     3 |       |       |     1 ||     4
         Phantom mirror    |       |       |       |       |       |       |     2 |     2 |     1 ||     5
         Lightning rod     |       |       |       |       |       |       |       |     3 |       ||     3
         Tin of tremorston |       |       |       |       |       |       |       |       |     2 ||     2
    Use: Scroll            |     1 |     3 |     7 |    10 |     8 |     9 |     8 |     8 |    22 ||    76
         Potion            |       |     1 |     2 |     3 |     1 |     1 |     4 |     3 |    26 ||    41
   Stab: Distracted        |       |       |       |       |       |       |     2 |       |       ||     2
 Armour: Robe              |    11 |    24 |    73 |    17 |       |   162 |   131 |   160 |   111 ||   689
         Leather armour    |       |       |       |   119 |    61 |       |       |       |       ||   180
         Steam dragon scal |       |       |       |       |    33 |    55 |       |       |       ||    88
         Acid dragon scale |       |       |       |       |       |       |       |       |   183 ||   183
  Dodge: Dodged            |    11 |    21 |    60 |    99 |    95 |   265 |   174 |   177 |   287 ||  1189
  Block: Other             |       |     1 |    29 |    48 |    32 |    59 |    44 |    25 |       ||   238
         Reflection        |       |       |       |     7 |    11 |    12 |    10 |     3 |     2 ||    45
         Buckler           |       |       |       |       |       |       |       |       |   167 ||   167

Table legend: (Time is in decaauts)
 A = Elapsed time spent in this place.
 B = Non-inter-level travel time spent in this place.
 C = Inter-level travel time spent in this place.
 D = Time resting spent in this place.
 E = Time spent auto-exploring this place.
 F = Levels seen in this place.
 G = Mean time per level.
                   A        B        C        D        E       F      G
               +--------+--------+--------+--------+--------+-----+--------+
         Total | 107478 |  99045 |   8433 |  13937 |  68483 |  57 | 1885.6 |
       Dungeon |  32598 |  29144 |   3454 |   6515 |  15325 |  15 | 2173.2 |
        Temple |     31 |      2 |     29 |      0 |      0 |   1 |   31.0 |
          Lair |  10376 |   9477 |    899 |   1179 |   7143 |   5 | 2075.2 |
        Shoals |  10494 |  10258 |    236 |    314 |   8911 |   4 | 2623.5 |
   Spider Nest |   6862 |   6378 |    484 |    416 |   5319 |   4 | 1715.5 |
    Slime Pits |   2080 |   1943 |    137 |   1211 |    387 |   5 |  416.0 |
  Orcish Mines |   3637 |   3134 |    503 |    133 |   2451 |   2 | 1818.5 |
   Elven Halls |   9469 |   8611 |    858 |   1066 |   6684 |   3 | 3156.3 |
        Vaults |  15053 |  14103 |    950 |   1275 |  11018 |   5 | 3010.6 |
         Crypt |   2383 |   2239 |    144 |      0 |   1670 |   3 |  794.3 |
        Depths |   9015 |   8394 |    621 |    147 |   7073 |   4 | 2253.8 |
           Zot |   2559 |   2446 |    113 |   1016 |   1004 |   5 |  511.8 |
      Ice Cave |   2917 |   2917 |      0 |    662 |   1495 |   1 | 2917.0 |
               +--------+--------+--------+--------+--------+-----+--------+

Top non-repeatable levels by time:
   Elf:1: 4321 daAuts
Vaults:4: 3938 daAuts
    D:14: 3730 daAuts
  Lair:5: 3459 daAuts
Depths:2: 3449 daAuts
Vaults:3: 3349 daAuts
Shoals:3: 3311 daAuts
     D:1: 3179 daAuts
   Elf:3: 3117 daAuts
   IceCv: 2917 daAuts
Shoals:2: 2890 daAuts
Vaults:1: 2762 daAuts
    D:12: 2762 daAuts
     D:7: 2651 daAuts
     D:6: 2619 daAuts
